 Dungeon Crawl Stone Soup version 0.21-a0-58-g625dad4 (webtiles) character file.

77 Lavandula the Insei (level 4, -2/35 HPs)
             Began as a Mummy Monk on June 16, 2017.
             Slain by Natasha (6 damage)
             ... on level 3 of the Dungeon.
             The game lasted 00:09:10 (4060 turns).

Lavandula the Insei (Mummy Monk)                    Turns: 4060, Time: 00:09:10

Health: -2/35      AC:  0    Str: 14    XL:     4   Next: 13%
Magic:  4/4        EV: 13    Int:  9    God:
Gold:   102        SH:  0    Dex: 15    Spells: 3/3 levels left

rFire    x . .     SeeInvis .     - Unarmed
rCold    + + .     Gourm    .   (no shield)
rNeg     + + +     Faith    .   (no armour)
rPois    ∞         Spirit   .   (no helmet)
rElec    .         Reflect  .   (no cloak)
rCorr    .         Harm     .   (no gloves)
MR       +....                  (no boots)
Stlth    ++........             (no amulet)
HPRegen  0.11/turn              a - ring of protection from magic
MPRegen  0.09/turn              b - ring of protection from cold

@: no status effects
A: no food or potions, fire vulnerability, cold resistance 1, negative energy
resistance 3, torment resistance, unbreathing
a: no special abilities


You were on level 3 of the Dungeon.
You were not hungry.

You visited 1 branch of the dungeon, and saw 3 of its levels.

You collected 102 gold pieces.

Inventory:

Jewellery
 a - a ring of protection from magic (left hand)
 b - a ring of protection from cold (right hand)
Scrolls
 c - a scroll of immolation
Comestibles
 d - a bread ration (quivered)


   Skills:
 + Level 3.4 Fighting
 + Level 2.8 Dodging
 - Level 1.5 Stealth
 * Level 3.5 Unarmed Combat


You had 3 spell levels left.
You didn't know any spells.

Dungeon Overview and Level Annotations

Branches:
Dungeon (3/15)

Altars:
Ashenzari
Dithmenos

Annotations:
D:1 exclusion: kobold
D:2 exclusion: adder
D:3 Ijyb, Natasha


Innate Abilities, Weirdness & Mutations

You do not eat or drink.
Your flesh is vulnerable to fire.
You are immune to poison.
Your flesh is cold resistant. (rC+)
You are immune to negative energy. (rN+++)
You are immune to unholy pain and torment.
You can survive without breathing.


Message History

Press: ? - help, v - describe, . - travel
Here: Natasha (hasn't noticed you)
The floor.
Natasha hisses angrily.
Natasha stares at you and mumbles some strange words.
The magic dart hits you!
Natasha drinks a potion.
Natasha flickers and vanishes!
Deactivating autopickup; reactivate with Ctrl-A.
Okay, then.
Something claws you!
The orc shouts!
You hit something. Something claws you.
You can't drink.
Unknown command.
You closely miss something. Something claws you!
* * * LOW HITPOINT WARNING * * *
Sorry, you're not good enough to have a special ability.
Unknown command.
You closely miss something. Something claws you.
You die...

##.#.#..........##......%....#..#
. ..............#<...........####
#.###..........................).
#............####.####......#####
#####.######.#....####......#
.............#......##......#
###......###o#......##......# #
#.#.....#....{._..........# #
#.####..#..##.@....#......#
###....!.....##......#......#
r..####.#.#..####....#......#
##......#.#..####.####......#
......###.#............######
..#.#.# #.###.....%.[.##
oS#.#.#.#.# #......(..#
..†.......# #.........#
.S......## #.........#


You could see an orc.

Vanquished Creatures
  2 adders
  2 dart slugs
  A leopard gecko (D:2)
  12 bats
  2 giant cockroaches (D:2)
  8 goblins
  8 hobgoblins
  3 kobolds
  A ball python (D:1)
  4 frilled lizards
  9 rats
52 creatures vanquished.

Notes
Turn   | Place    | Note
-------+----------+-------------------------------------------
     0 | D:1      | Lavandula the Mummy Monk began the quest for the Orb.
     0 | D:1      | Reached XP level 1. HP: 18/18 MP: 1/1
   489 | D:1      | Reached XP level 2. HP: 13/24 MP: 2/2
  1823 | D:2      | Found a shadowy altar of Dithmenos.
  1907 | D:2      | Reached XP level 3. HP: 29/29 MP: 3/3
  3185 | D:3      | Found a shattered altar of Ashenzari.
  3317 | D:3      | Noticed Ijyb
  3886 | D:3      | Reached XP level 4. HP: 32/35 MP: 4/4
  4049 | D:3      | Noticed Natasha
  4060 | D:3      | Slain by Natasha

Vault maps used:
D:1:      ncdulo_halloftheorcs
D:2:      grunt_dithmenos_smoke_and_mirrors, lemuel_crystal_altar,
          gammafunk_temple_overflow_forgotten, first_bread, hex_intersection,
          hangedman_decor_clover_reticule
D:3:      nicolae_overflow_crystal_walls, lemuel_crystal_altar, uniq_natasha,
          uniq_robin, uniq_ijyb

Skill      XL: |  1  2  3 |
---------------+----------+-----
Unarmed Combat | 3 |  3.5
Fighting       | |  3.4
Dodging        | |  2.8
Stealth        | |  1.5

Action                   |  1- 3 |  4- 6 || total
-------------------------+-------+-------++-------
Melee: Unarmed           |   178 |    10 ||   188
       Punch             |     1 |       ||     1
  Use: Scroll            |     4 |       ||     4
 Stab: Sleeping          |     5 |     1 ||     6
       Distracted        |     1 |       ||     1
Dodge: Dodged            |   119 |     1 ||   120
